 Dungeon Crawl Stone Soup version 0.16-a0-2970-ge3807df (webtiles) character file.

2447 Johnny the Skirmisher (level 9, -2/57 HPs)
             Began as a Gargoyle Ice Elementalist on Dec 5, 2014.
             Was a Follower of Ru.
             Slain by a death yak (22 damage)
             ... on level 8 of the Dungeon.
             The game lasted 00:22:51 (7434 turns).

Johnny the Skirmisher (Gargoyle Ice Elementalist)   Turns: 7434, Time: 00:22:51

Health: -2/57      AC: 12    Str: 13    XL:     9   Next: 49%
Magic:  20/20      EV: 14    Int: 15    God:    Ru [*.....]
Gold:   332        SH:  0    Dex: 13    Spells: 3 memorised, 7 levels left

rFire  . . .     SeeInvis .     P - +3 halberd (freeze) (curse)
rCold  . . .     Clarity  .     l - +1 robe {MR+}
rNeg   + . .     SustAb   +     (no shield)
rPois  ∞         Gourm    .     y - +2 helmet
rElec  +         Spirit   .     Q - +0 cloak
rCorr  .         Warding  .     (no gloves)
rMut   .         Stasis   .     (no boots)
MR     +....                    (no amulet)
Stlth  ++........               (no ring)
                                L - ring of sustain abilities

@: very slightly contaminated, somewhat resistant to hostile enchantments,
unstealthy
A: negative energy resistance 1, electricity resistance, unbreathing,
petrification resistance, rot immunity, inability to train armour, AC +5
a: Renounce Religion


You were on level 8 of the Dungeon.
You worshipped Ru.
Ru was aware of your devotion.
You were hungry.

You visited 2 branches of the dungeon, and saw 9 of its levels.
You also visited: Ossuary.

You collected 332 gold pieces.

Inventory:

Hand weapons
 d - a +0 dagger of electrocution
 k - a cursed +0 spear
 w - a cursed -2 flail
 K - a +1 mace of crushing
 P - a cursed +3 halberd of freezing (weapon)
 S - a +3 war axe of freezing
Armour
 l - a +1 robe of magic resistance (worn)
 y - a +2 helmet (worn)
 Q - a +0 cloak (worn)
Jewellery
 L - a ring of sustain abilities (left hand)
Magical devices
 j - a wand of fire (3)
 A - a wand of random effects (19)
 N - a wand of disintegration (13)
Scrolls
 h - 2 scrolls of fog
 n - 4 scrolls of teleportation
 o - 5 scrolls of noise
 s - 2 scrolls of amnesia
 t - a scroll of enchant armour {unknown}
 v - a scroll of remove curse
 z - 2 scrolls of blinking
 E - a scroll of immolation {unknown}
 O - a scroll of magic mapping {unknown}
 R - a scroll of fear {unknown}
Potions
 a - 6 potions of curing
 g - 2 potions of invisibility {unknown}
 q - 4 potions of might
 r - a potion of poison
 u - 2 potions of agility {unknown}
 B - a potion of cure mutation {unknown}
 D - 3 potions of flight {unknown}
 F - 2 potions of restore abilities {unknown}
 G - a potion of mutation {unknown}
 H - 3 potions of brilliance {unknown}
 I - a potion of cancellation {unknown}
 J - a potion of resistance {unknown}
 M - a potion of haste {unknown}
Books
 b - a book of Frost

   Spells                             Type                      Level
   a - Freeze                         Ice                          1
   b - Throw Frost                    Conjuration/Ice              2
   c - Ozocubu's Armour               Charms/Ice                   3
   d - Throw Icicle                   Conjuration/Ice              4
   e - Summon Ice Beast               Ice/Summoning                4
   f - Condensation Shield            Ice                          4
 C - a book of the Tempests

   Spells                             Type                      Level
   a - Static Discharge               Conjuration/Air              3
   b - Lightning Bolt                 Conjuration/Air              5
   c - Fireball                       Conjuration/Fire             5
   d - Tornado                        Air                          9
   e - Shatter                        Earth                        9
Comestibles
 c - 4 bread rations
 i - 2 slices of pizza
 m - 4 beef jerkies
 p - 13 fruits
 x - 4 meat rations


   Skills:
 * Level 7.3 Fighting
 + Level 4.1 Dodging
 - Level 2.1 Stealth
 + Level 4.7 Spellcasting
 + Level 1.8 Conjurations
 + Level 3.8 Summonings
 + Level 1.3 Fire Magic
 + Level 5.5 Ice Magic
 + Level 3.9 Evocations


You had 7 spell levels left.
You knew the following spells:

 Your Spells              Type           Power        Failure   Level  Hunger
a - Freeze                Ice            ###.         1%          1    None
b - Summon Ice Beast      Ice/Summ       ###.....     28%         4    ####...
c - Fireball              Conj/Fire      #.........   100%        5    ######.


Dungeon Overview and Level Annotations

Branches:
Dungeon (8/15)             Temple (1/1) D:4            Lair (0/8) D:8

Altars:
Ashenzari
Cheibriados
Dithmenos
Elyvilon
Fedhas
Gozag
Makhleb
Nemelex Xobeh
Okawaru
Qazlal
Ru
Sif Muna
Trog
Vehumet
Xom
Yredelemnul
The Shining One

Shops:
D:4 *


Innate Abilities, Weirdness & Mutations

You are resistant to torment.
You are immune to poison.
Your stone body is very resilient (AC +5).
You resist negative energy.
You are resistant to electric shocks.
You can survive without breathing.
You are immune to petrification.
You are immune to rotting.
You cannot train your Armour skill.


Message History

This wand has 19 charges left.
The death yak gores you!
* * * LOW HITPOINT WARNING * * *
Casting: Summon Ice Beast
Confirm with . or Enter, or press ? or * to list all spells.
You miscast Summon Ice Beast.
Frost covers your body.
You are feeling hungry.
The death yak misses you.
Casting: Summon Ice Beast
Confirm with . or Enter, or press ? or * to list all spells.
A chill wind blows around you.
The death yak gores you but does no damage.
Your ice beast barely misses the death yak.
Your ice beast disappears in a puff of smoke!
Casting: Summon Ice Beast
Confirm with . or Enter, or press ? or * to list all spells.
A chill wind blows around you.
There is a stone staircase leading up here.
Drink which item? (? for menu, Esc to quit)
Magic courses through your body. The death yak gores you!!
You die...

.....###.......# #Y.#
####.#####...#.##
#..#
#............#####..#
#########...........#
##.........##
##.#.###### #Y#.#
#Y#.# #@#.# #.#.#
#.#.# ..#.# .... .###
. ##


You could see a death yak and a friendly ice beast.

Vanquished Creatures
  An elephant (D:8)
  Grinder (D:3)
  The ghost of Kemay the Ducker, an average OpTm (D:3)
  A sky beast (D:5)
  An ice beast (D:6)
  A centaur (D:7)
  2 giant frogs
  A scorpion (D:4)
  3 wights (D:7)
  7 hounds
  2 giant frog skeletons
  3 orc priests
  An iguana (D:8)
  A human zombie (Ossuary)
  3 orc wizards
  Natasha (thrice) (D:6)
  6 worker ants
  A big kobold zombie (Ossuary)
  2 mummies (Ossuary)
  Robin (D:4)
  15 adders
  A shadow imp (D:5)
  2 giant mites
  4 worms
  An adder zombie (D:5)
  3 giant geckos
  18 orcs
  A bat skeleton (D:4)
  12 giant cockroaches
  3 gnoll zombies (Ossuary)
  9 hobgoblins
  16 kobolds
  2 ball pythons (D:1)
  10 bats
  2 giant newts
  15 goblins
  A hobgoblin zombie (Ossuary)
  19 jackals
  2 kobold zombies (Ossuary)
  4 quokkas
  A quokka skeleton (D:7)
  12 rats
  A ballistomycete (D:7)
  4 butterflies (D:4)
200 creatures vanquished.

Vanquished Creatures (collateral kills)
  A sky beast (D:7)
  A big kobold (D:7)
  A wight (D:7)
  A goliath beetle (D:8)
  An orc priest (D:7)
  2 sheep (D:8)
  An adder (D:7)
  A giant gecko (D:7)
  An orc (D:8)
  2 goblins (D:7)
  3 kobolds (D:7)
  A ballistomycete (D:7)
16 creatures vanquished.

Vanquished Creatures (others)
  5 ice beasts (D:8)
  A worker ant (D:7)
  An orc (D:7)
  A giant spore (D:7)
  A rat (D:6)
9 creatures vanquished.

Grand Total: 225 creatures vanquished

Notes
Turn   | Place    | Note
--------------------------------------------------------------
     0 | D:1      | Johnny, the Gargoyle Ice Elementalist, began the quest for the Orb.
     0 | D:1      | Reached XP level 1. HP: 10/10 MP: 3/3
   517 | D:1      | Reached skill level 1 in Fighting
   517 | D:1      | Reached XP level 2. HP: 13/16 MP: 4/4
   739 | D:1      | Reached XP level 3. HP: 21/21 MP: 6/6
  1487 | D:2      | Reached XP level 4. HP: 27/27 MP: 8/8
  1493 | D:2      | Learned a level 4 spell: Summon Ice Beast
  2097 | D:3      | Noticed Grinder
  2098 | D:3      | Paralysed by Grinder for 2 turns
  2361 | D:3      | Reached XP level 5. HP: 24/32 MP: 9/9
  2514 | D:3      | Paralysed by Grinder for 2 turns
  2516 | D:3      | Killed Grinder
  2516 | D:3      | Reached skill level 4 in Fighting
  2516 | D:3      | Reached skill level 1 in Summonings
  2516 | D:3      | Reached XP level 6. HP: 18/39 MP: 9/12
  2682 | D:3      | Noticed Kemay's ghost (average OpTm)
  2706 | D:3      | Killed Kemay's ghost
  2706 | D:3      | Reached XP level 7. HP: 33/44 MP: 4/14
  3355 | D:4      | Reached skill level 5 in Fighting
  3392 | D:4      | Noticed Robin
  3441 | D:4      | Killed Robin
  3503 | D:4      | Found Ediolis' General Store.
  3529 | D:4      | Reached skill level 1 in Evocations
  3852 | D:4      | Found a shimmering altar of Xom.
  3979 | D:4      | Found a staircase to the Ecumenical Temple.
  4160 | Temple   | Entered the Ecumenical Temple
  4237 | Temple   | Became a worshipper of Ru the Awakened
  4322 | D:5      | Entered Level 5 of the Dungeon
  4421 | D:5      | Reached XP level 8. HP: 40/50 MP: 13/17
  4446 | D:5      | Found a sacrificial altar of Ru.
  4538 | D:5      | Found a sand-covered staircase.
  4544 | Ossuary  | Entered an ossuary
  5059 | D:5      | Found a staircase to the Ecumenical Temple.
  5615 | D:6      | Gained mutation: You cannot train your Armour skill. [Ru sacrifice]
  5615 | D:6      | Acquired Ru's first power
  5849 | D:6      | Noticed Natasha
  5859 | D:6      | Killed Natasha
  5859 | D:6      | Reached skill level 6 in Fighting
  6036 | D:6      | Noticed Natasha
  6043 | D:6      | Killed Natasha
  6181 | D:7      | Reached skill level 5 in Ice Magic
  6441 | D:6      | Noticed Natasha
  6447 | D:6      | Killed Natasha
  6594 | D:7      | Reached XP level 9. HP: 34/56 MP: 12/20
  6964 | D:7      | Reached skill level 7 in Fighting
  7189 | D:8      | Found a blossoming altar of Fedhas.
  7192 | D:8      | Found a bloodstained altar of Trog.
  7214 | D:8      | Learned a level 5 spell: Fireball
  7292 | D:8      | Found a staircase to the Lair.
  7292 | D:8      | Noticed an elephant
  7310 | D:8      | Killed an elephant
  7310 | D:8      | Reached skill level 1 in Fire Magic
  7353 | D:8      | Noticed a death yak
  7434 | D:8      | Slain by a death yak

Action                   |  1- 3 |  4- 6 |  7- 9 || total
-------------------------+-------+-------+-------++-------
Melee: Unarmed           |    26 |       |       ||    26
       Dagger            |    90 |   124 |   533 ||   747
       Halberd           |       |       |    36 ||    36
 Cast: Freeze            |    11 |    38 |    48 ||    97
       Summon Ice Beast  |       |       |    15 ||    15
Invok: Sacrifice Durabil |       |       |     1 ||     1
Evoke: Wand              |       |       |     5 ||     5
  Use: Potion            |       |     6 |     1 ||     7
       Scroll            |       |       |     8 ||     8
 Stab: Sleeping          |     1 |     2 |     3 ||     6
       Confused          |       |       |     3 ||     3
       Distracted        |       |       |     2 ||     2
  Eat: Chunk             |     2 |     5 |    19 ||    26
